 Dungeon Crawl Stone Soup version 0.24-a0-521-g122614bf49 (webtiles) character file.

Game seed: 1891152507832097562

333 GameOver the Conjurer (level 6, -5/49 HPs)
             Began as a Naga Wizard on July 30, 2019.
             Killed from afar by an orc wizard (7 damage)
             ... with a puff of flame
             ... on level 4 of the Dungeon.
             The game lasted 00:10:42 (2339 turns).

GameOver the Conjurer (Naga Wizard)                 Turns: 2339, Time: 00:10:43

Health: -5/49      AC:  4    Str: 14    XL:     6   Next: 52%
Magic:  3/10       EV: 15    Int: 20    God:
Gold:   190        SH:  0    Dex: 15    Spells: 2/11 levels left

rFire    . . .     SeeInvis +   w - +0 quarterstaff
rCold    . . .     Gourm    +   (shield currently unavailable)
rNeg     . . .     Faith    .   a - +0 robe
rPois    +         Spirit   .   b - +0 hat
rElec    .         Reflect  .   (no cloak)
rCorr    .         Harm     .   A - +0 pair of gloves
MR       .....                  (no barding)
Stlth    ++........             v - amulet of the gourmand
HPRegen  0.16/turn              z - ring of attention (curse)
MPRegen  0.12/turn              (no ring)

@: mighty, agile, very slightly contaminated, very slow
A: large, see invisible, deformed body, poison resistance, slowness 2, slow
metabolism 1, spit poison 1, AC +2
a: Spit Poison


You were on level 4 of the Dungeon.
You were very full.

You visited 1 branch of the dungeon, and saw 4 of its levels.

You collected 190 gold pieces.

Inventory:

Hand Weapons
 k - a +0 flail of crushing
 s - a +0 trident
 w - a +0 quarterstaff (weapon)
 y - a +2 vampiric short sword
 C - a +2 dire flail of holy wrath
Armour
 a - a +0 robe (worn)
 b - a +0 hat (worn)
 m - a +0 buckler
 u - a +0 leather armour
 A - a +0 pair of gloves (worn)
Jewellery
 v - an amulet of the gourmand (around neck)
 z - a cursed ring of attention (left hand)
 B - an uncursed ring of ice
Wands
 t - a wand of digging (3)
Scrolls
 g - a scroll of identify {unknown}
 i - 2 scrolls of immolation
 n - a scroll of teleportation
 o - a scroll of magic mapping {unknown}
 q - a scroll of remove curse {unknown}
 r - a scroll of blinking
 x - a scroll of amnesia {unknown}
Potions
 h - a potion of flight {unknown}
 j - a potion of magic {unknown}
 l - a potion of berserk rage {unknown}
 p - a potion of heal wounds {unknown}
Comestibles
 d - 7 rations
 D - 3 chunks of flesh


   Skills:
 - Level 1.5 Dodging
 - Level 3.0 Stealth
 - Level 3.0 Spellcasting
 - Level 6.1 Conjurations
   Level 1.0 Summonings
 - Level 1.0 Translocations
 + Level 2.4 Poison Magic


You had 2 spell levels left.
You knew the following spells:

 Your Spells              Type           Power        Failure   Level  Hunger
a - Magic Dart            Conj           ####         1%          1    None
b - Blink                 Tloc           N/A          14%         2    ##.....
d - Mephitic Cloud        Conj/Pois/Air  ##......     13%         3    ###....
f - Conjure Flame         Conj/Fire      ###.....     12%         3    ###....

Your spell library contained the following spells:

 Spells                   Type           Power        Failure   Level  Hunger
 Call Imp                 Summ           #.......     14%         2    ##.....
 Slow                     Hex            #.......     22%         2    ##.....


Dungeon Overview and Level Annotations

Branches:
Dungeon (4/15)
 Temple: D:4-7

Altars:
Ashenzari
Gozag


Innate Abilities, Weirdness & Mutations

You cannot wear boots.
Your serpentine skin is tough. (AC +2)
You have supernaturally acute eyesight. (SInv)
Armour fits poorly on your strangely shaped body.
Your system is resistant to poisons. (rPois)
You cover ground very slowly.
You have a slow metabolism.
You can spit poison.


Message History

You have got your breath back.
The orc wizard barely misses you.
You barely miss the orc wizard.
The orc wizard hits you with a +0 dagger.
* * * LOW HITPOINT WARNING * * *
You barely miss the orc wizard.
The orc wizard gestures at you while chanting.
You easily resist.
You thump the orc wizard!
The orc wizard is almost dead.
The orc wizard gestures at you while chanting.
The magic dart hits you!
* * * LOW HITPOINT WARNING * * *
The orc wizard completely misses you.
Unknown command.
You closely miss the orc wizard.
The orc wizard is almost dead.
The orc wizard casts a spell at you. The puff of flame hits you!
You die...

......#....#.###
................ .#
#)###.##...######.#
..# #.###)## #.S.
#.# #.# #.# #..#
#.###.# #.# #..#
.)....###'## #..####
#.######...##
#.....# #.#
##.....## #@#[.. #.#
##.......###o#.# ..#
#......>..##...#
....+.........'....#
..###.........####.#
### ##.......## .# #
##.....## .. ##...##
### ##+#


You could see an orc wizard (invisible) and an adder (confused).

Vanquished Creatures
  Edmund (D:4)
  A bullfrog skeleton (D:4)
  An iguana (D:4)
  An orc wizard (D:4)
  5 adders
  An ooze (D:2)
  3 worms (D:2)
  A dart slug (D:3)
  2 leopard geckos (D:2)
  9 orcs
  5 bats
  8 giant cockroaches
  6 goblins
  7 hobgoblins
  A quokka (D:2)
  A ball python (D:3)
  4 frilled lizards (D:1)
  4 kobolds
  5 rats (D:2)
66 creatures vanquished.

Notes
Turn   | Place    | Note
-------+----------+-------------------------------------------
     0 | D:1      | GameOver the Naga Wizard began the quest for the Orb.
     0 | D:1      | Reached XP level 1. HP: 15/15 MP: 4/4
   372 | D:1      | Reached skill level 2 in Conjurations
   372 | D:1      | Reached XP level 2. HP: 22/22 MP: 4/6
   451 | D:1      | Learned a level 2 spell: Blink
   983 | D:2      | Reached skill level 3 in Conjurations
   983 | D:2      | Reached XP level 3. HP: 28/28 MP: 3/7
  1111 | D:2      | Learned a level 3 spell: Mephitic Cloud
  1347 | D:2      | Reached XP level 4. HP: 36/36 MP: 8/8
  1384 | D:2      | Found an opulent altar of Gozag.
  1558 | D:2      | Reached skill level 4 in Conjurations
  1849 | D:3      | Reached XP level 5. HP: 42/42 MP: 4/9
  1971 | D:3      | Found a shattered altar of Ashenzari.
  2117 | D:4      | Noticed Edmund
  2151 | D:4      | Killed Edmund
  2151 | D:4      | Reached skill level 5 in Conjurations
  2151 | D:4      | Reached XP level 6. HP: 8/49 MP: 3/10
  2184 | D:4      | Reached skill level 6 in Conjurations
  2284 | D:4      | HP: 2/49 [bullfrog skeleton (6)]
  2285 | D:4      | Reached skill level 1 in Poison Magic
  2293 | D:4      | Learned a level 3 spell: Conjure Flame
  2338 | D:4      | HP: 2/49 [orc wizard/magic dart (8)]
  2339 | D:4      | Killed from afar by an orc wizard

Levels and vault maps discovered:
D:1:      minmay_arrival_shattered_statue, layout_basic
D:2:      layout_basic, grunt_gozag_statues, first_ration
D:3:      layout_rooms, ashenzari_conservatory_becter, corner_web_ring
D:4:      layout_loops_corners, uniq_robin, uniq_edmund, uniq_pikel

Skill      XL: |  1  2  3  4  5  6 |
---------------+-------------------+-----
Conjurations   | 2 3 4 5 6 |  6.1
Poison Magic   | 2 |  2.4
Dodging        | |  1.5
Stealth        | |  3.0
Spellcasting   | |  3.0
Summonings     | |  1.0
Translocations | |  1.0

Action                   |  1- 3 |  4- 6 || total
-------------------------+-------+-------++-------
Melee: Dagger            |     1 |       ||     1
       Flail             |     3 |       ||     3
       Quarterstaff      |       |    35 ||    35
 Cast: Magic Dart        |    41 |    47 ||    88
       Mephitic Cloud    |       |     4 ||     4
 Abil: Spit Poison       |    39 |    26 ||    65
  Use: Scroll            |       |     3 ||     3
       Potion            |       |     3 ||     3
 Stab: Confused          |       |     2 ||     2
  Eat: Chunk             |     3 |    21 ||    24
Armor: Robe              |    11 |     4 ||    15
Dodge: Dodged            |     4 |    27 ||    31

Table legend:
 A = Non-vault XP
 B = Vault XP
 C = Vault XP percentage of total XP
 D = Non-vault monster count
 E = Vault monster count
 F = Vault count percentage of total count
                 A         B        C        D         E       F
            +---------+---------+-------+---------+---------+-------
      Total |     307 |     169 |  35.5 |      65 |       1 |   1.5
            +---------+---------+-------+---------+---------+-------
        D:1 |      21 |       0 |   0.0 |      14 |       0 |   0.0
        D:2 |      98 |       0 |   0.0 |      28 |       0 |   0.0
        D:3 |      61 |       0 |   0.0 |      16 |       0 |   0.0
        D:4 |     127 |     169 |  57.1 |       7 |       1 |  12.5
            +---------+---------+-------+---------+---------+-------
